 Dungeon Crawl Stone Soup version 0.21-a0-442-g848f44b (webtiles) character file.

165 theanonym the Poker (level 5, 0/41 HPs)
             Began as a Formicid Fighter on Nov 13, 2017.
             Succumbed to an adder's poison
             ... on level 3 of the Dungeon.
             The game lasted 00:04:25 (2093 turns).

theanonym the Poker (Formicid Fighter)              Turns: 2093, Time: 00:04:26

Health: 0/41       AC:  6    Str: 19 (21) XL:     5   Next: 75%
Magic:  5/5        EV: 12    Int:  7 (8)  God:
Gold:   56         SH:  9    Dex: 13 (15) Spells: 4/4 levels left

rFire    . . .     SeeInvis +   a - +0 trident
rCold    . . .     Gourm    .   c - +0 shield
rNeg     . . .     Faith    .   o - +0 scale mail
rPois    .         Spirit   .   (helmet unavailable)
rElec    .         Reflect  .   (no cloak)
rCorr    .         Harm     .   (no gloves)
MR       .....                  (no boots)
Stlth    +.........             (no amulet)
HPRegen  0.13/turn              (no ring)
MPRegen  0.09/turn              (no ring)

@: agile, lethally poisoned (0 -> -3), very slow
A: permanent stasis, dig shafts and tunnels, four strong arms, antennae 3
a: Dig, Shaft Self


Innate Abilities, Weirdness & Mutations

You cannot be hasted, slowed, berserked, paralysed or teleported.
You can dig through walls and to a lower floor.
Your four strong arms can wield two-handed weapons with a shield.
You have a pair of large antennae on your head. (SInv)


   Skills:
 - Level 3.2 Fighting
 + Level 5.5 Polearms
 - Level 3.2 Armour
 - Level 3.6 Shields


You had 4 spell levels left.
You didn't know any spells.

Skill      XL: |  1  2  3  4  5 |
---------------+----------------+-----
Polearms       | 3 4 5 |  5.5
Fighting       | |  3.2
Armour         | |  3.2
Shields        | |  3.6

Action                   |  1- 3 |  4- 6 || total
-------------------------+-------+-------++-------
Melee: Trident           |    65 |   132 ||   197
 Fire: Blowgun           |       |     5 ||     5
  Use: Potion            |       |     8 ||     8
       Scroll            |       |     3 ||     3
  Eat: Chunk             |       |     3 ||     3
Armor: Scale mail        |    38 |    50 ||    88
Dodge: Dodged            |    28 |    39 ||    67
Block: Shield            |    33 |    63 ||    96

Inventory:

Hand Weapons
 a - a +0 trident (weapon)
 b - a +3 blowgun
   (You took it off a kobold on level 3 of the Dungeon)
 s - a +0 club
   (You took it off a kobold on level 3 of the Dungeon)
Missiles
 i - 12 poisoned needles
Armour
 c - a +0 shield (worn)
 o - a +0 scale mail (worn)
Scrolls
 e - a scroll of blinking
 h - a scroll of recharging
 r - a scroll of identify
Potions
 t - a potion of curing {unknown}
Comestibles
 d - 3 chunks of flesh
 f - 2 bread rations
 g - 2 royal jellies
 l - a meat ration

Dungeon Overview and Level Annotations

Branches:
Dungeon (3/15)

Altars:
Cheibriados
Kikubaaqudgha


You were on level 3 of the Dungeon.
You were very hungry.

You visited 1 branch of the dungeon, and saw 3 of its levels.

You collected 56 gold pieces.


Message History

You shoot a poisoned needle.
The poisoned needle barely misses the worm.
a - a +0 trident (weapon)
Firing (i - inventory): No suitable missiles.
Aim: a worm (lightly wounded, poisoned)
Okay, then.
Your resistance to elements expires.
Firing (i - inventory): No suitable missiles.
Aim: a worm (lightly wounded, poisoned)
Okay, then.
Attack whom?
That would be overly suicidal.
Okay, then.
Attack whom?
Aim: a worm (lightly wounded, poisoned)
You reach to attack!
You barely miss the worm.
Attack whom?
Aim: a worm (lightly wounded, poisoned)
You reach to attack!
You puncture the worm!
The worm looks more healthy.
Attack whom?
Aim: a worm (heavily wounded)
You reach to attack!
You hit the worm.
You hear the slow rusting of a drain nearby.
b - a +3 blowgun (weapon)
That item cannot be evoked!
Unknown command.
You see here 2 poisoned needles.
i - 12 poisoned needles (gained 1)
A river rat comes into view.
You see here a chunk of flesh.
You see here a poisoned needle.
You enter the shallow water.
Moving in this stuff is going to be slow.
You block the river rat's attack.
Found a potion of brilliance.
Really attack while wielding your +3 blowgun? [Y]es or [N]o only, please.
Really attack while wielding your +3 blowgun?
Okay, then.
Unknown command.
The river rat barely misses you.
The river rat bites you but does no damage.
a - a +0 trident (weapon)
The river rat closely misses you.
You barely miss the river rat. You block the river rat's attack.
You barely miss the river rat. You block the river rat's attack.
You hit the river rat but do no damage. You block the river rat's attack.
You closely miss the river rat. The river rat bites you.
* * * LOW HITPOINT WARNING * * *
You take 1 damage, and have 11/41 hp.
Your shield and scale mail prevent you from hitting the river rat.
The river rat bites you.
* * * LOW HITPOINT WARNING * * *
You take 4 damage, and have 7/41 hp.
You block the river rat's attack.
You enter the shallow water.
Moving in this stuff is going to be slow.
You block the river rat's attack.
The river rat twitches its whiskers.
The river rat bites you.
* * * LOW HITPOINT WARNING * * *
You take 1 damage, and have 6/41 hp.
The river rat bites you.
* * * LOW HITPOINT WARNING * * *
You take 2 damage, and have 4/41 hp.
The river rat bites you but does no damage.
You feel agile all of a sudden. The river rat closely misses you.
The river rat closely misses you.
An adder comes into view.
You block the adder's attack. The river rat misses you.
You block the adder's attack.
Your shield and scale mail prevent you from hitting the adder.
The river rat closely misses you. The adder barely misses you.
A worm comes into view.
You hear the slow rusting of a drain nearby.
You are feeling very hungry.
The adder bites you but does no damage. You block the adder's attack.
The river rat closely misses you. The adder bites you.
* * * LOW HITPOINT WARNING * * *
The adder bites you but does no damage.
You take 1 damage, and have 4/41 hp.
You block the adder's attack. The adder bites you.
* * * LOW HITPOINT WARNING * * *
The adder misses you.
Your unstable footing causes you to fumble your attack.
The adder completely misses you.
You closely miss the adder. You block the adder's attack. The adder misses you.
You puncture the adder! The adder bites you but does no damage.
You hit the adder. The adder bites you.
* * * LOW HITPOINT WARNING * * *
You are lethally poisoned!
The adder poisons you!
You take 3 damage, and have 1/41 hp.
It was a potion of degeneration.
There was something very wrong with that liquid.
You feel weakened.
You feel dopey.
You feel clumsy.
You die...

#w#†..##.............#*
#.##..w.w...##.##.##.*
#%######.##.##.##.#*,* #(#
#..........#*,* ####.##
##.####..###*,**
#...≈≈#****###* #..####..,
##..≈≈≈#≈≈≈{≈≈≈* #.......#*
#....#≈#######≈###..####.#*
#...≈≈≈#rS@≈≈≈≈≈##..#***,*
#...≈#≈#w#########....**,*
#..≈≈≈w#{{≈≈≈#*∩*#.##...{*
#...≈#w#w#w#≈≈≈≈*#..,....#
#.!.≈#≈#w#≈#**##*###**#.##
#....#≈≈≈#≈≈≈{≈≈* *.#
#....#####*##******* *,#
#..#..,*,*,**,,,,,,* *,*
##.##.,,,*,**,***,,****,*


You could see a worm, an adder and a river rat.

Notes
Turn   | Place    | Note
-------+----------+-------------------------------------------
     0 | D:1      | theanonym the Formicid Fighter began the quest for the Orb.
     0 | D:1      | Reached XP level 1. HP: 18/18 MP: 1/1
   141 | D:1      | Reached XP level 2. HP: 22/24 MP: 2/2
   594 | D:1      | Reached skill level 3 in Polearms
   716 | D:2      | Reached XP level 3. HP: 21/29 MP: 3/3
   848 | D:2      | Reached skill level 4 in Polearms
   848 | D:2      | Reached XP level 4. HP: 23/35 MP: 4/4
   888 | D:2      | HP: 14/35 [adder (4)]
   894 | D:2      | HP: 13/35 [adder (2)]
   899 | D:2      | HP: 9/35 [adder (2)]
   904 | D:2      | HP: 7/35 [poisoned by an adder]
   910 | D:2      | HP: 6/35 [poisoned by an adder]
   918 | D:2      | HP: 5/35 [poisoned by an adder]
  1417 | D:2      | Found an ancient bone altar of Kikubaaqudgha.
  1688 | D:2      | Reached XP level 5. HP: 41/41 MP: 5/5
  1724 | D:2      | Found a snail-covered altar of Cheibriados.
  1892 | D:3      | Noticed Jessica
  1903 | D:3      | Killed Jessica
  1903 | D:3      | Reached skill level 5 in Polearms
  1938 | D:3      | HP: 20/41 [poisoned by a kobold]
  1944 | D:3      | HP: 19/41 [poisoned by a kobold]
  1952 | D:3      | HP: 18/41 [poisoned by a kobold]
  1958 | D:3      | HP: 15/41 [adder (2)]
  1963 | D:3      | HP: 10/41 [poisoned by an adder]
  1968 | D:3      | HP: 5/41 [poisoned by an adder]
  2009 | D:3      | HP: 15/41 [worm (8)]
  2014 | D:3      | HP: 5/41 [worm (4)]
  2071 | D:3      | HP: 11/41 [river rat (2)]
  2076 | D:3      | HP: 6/41 [river rat (1)]
  2086 | D:3      | HP: 4/41 [adder (1)]
  2092 | D:3      | HP: 1/41 [adder (3)]
  2093 | D:3      | Succumbed to an adder's poison

Vanquished Creatures
  Jessica (D:3)
  A worker ant (D:2)
  A hound skeleton (D:2)
  5 adders
  2 river rats (D:3)
  2 worms
  2 leopard geckos (D:1)
  4 bats
  3 giant cockroaches (D:2)
  4 hobgoblins
  2 jackals (D:2)
  2 frilled lizards (D:2)
  4 goblins
  4 kobolds
  2 rats
39 creatures vanquished.
